SL
ROCKY MOUNTAIN NUGGETS @ NEW AMSTERDAM DUTCHMEN
09/23/2030
 
TOP OF THE 1ST
Rocky Mountain Nuggets batting - Pitching for New Amsterdam Dutchmen : LHP Walt Coffman
Pitching: LHP Walt Coffman
Batting: RHB Luis Ríos 0-0: Called Strike
0-1: Foul Ball, location: 2F
0-2: Ball
1-2: Ball
2-2: Ball
3-2: Strikes out swinging
Batting: RHB Manuel Becerra 0-0: Called Strike
0-1: Swinging Strike
0-2: Foul Ball, location: 2F
0-2: Strikes out swinging
Batting: RHB Iván Vega 0-0: Foul Ball, location: 2F
0-1: Ball
1-1: Swinging Strike
1-2: SOLO HOME RUN (Flyball, 7LD), Distance : 357 ft
Batting: LHB Javier Sánchez 0-0: Ball
1-0: Foul Ball, location: 2F
1-1: Swinging Strike
1-2: Ground out 4-3 (Groundball, 4)
Top of the 1st over - 1 run, 1 hit, 0 errors, 0 left on base; Rocky Mountain 1 - New Amsterdam 0
BOTTOM OF THE 1ST
New Amsterdam Dutchmen batting - Pitching for Rocky Mountain Nuggets : LHP Cisco Cazares
Pitching: LHP Cisco Cazares
Batting: RHB John Burton 0-0: Ball
1-0: Called Strike
1-1: Foul Ball, location: 2F
1-2: Foul Ball, location: 2F
1-2: Ball
2-2: Ball
3-2: Base on Balls
Batting: LHB SaQwan Hackett 0-0: Called Strike
0-1: Ball
1-1: Foul Ball, location: 2F
1-2: Strikes out swinging
Batting: RHB Enrique Morales 0-0: SINGLE (Groundball, 6D)
John Burton to second
Batting: RHB Jon Osterman 0-0: Ball
1-0: Swinging Strike
1-1: Called Strike
1-2: SINGLE (Groundball, 6MD)
John Burton to third
Enrique Morales to second
Runner from 3rd tries for Home, SAFE, no throw
Batting: RHB Hank Wilder 0-0: Ball
1-0: Called Strike
1-1: Ball
2-1: Ball
3-1: Called Strike
3-2: Foul Ball, location: 2F
3-2: Strikes out looking
Batting: RHB Vernon Caw 0-0: Ball
1-0: Foul Ball, location: 2F
1-1: Ball
2-1: 3-RUN HOME RUN (Flyball, 7D), Distance : 398 ft
Batting: LHB Félix López 0-0: Called Strike
0-1: Ball
1-1: Foul Ball, location: 2F
1-2: Ball
2-2: Strikes out swinging
Bottom of the 1st over - 4 runs, 3 hits, 0 errors, 0 left on base; Rocky Mountain 1 - New Amsterdam 4
TOP OF THE 2ND
Rocky Mountain Nuggets batting - Pitching for New Amsterdam Dutchmen : LHP Walt Coffman
Batting: RHB Paco Muńóz 0-0: Ball
1-0: Ground out 1-3 (Groundball, P)
Batting: LHB Roberto Sánchez 0-0: Swinging Strike
0-1: Ball
1-1: Foul Ball, location: 2F
1-2: DOUBLE (Groundball, 5L)
Batting: RHB Ludwig Kluge 0-0: Ground out 1-3 (Groundball, P)
Roberto Sánchez to third
Batting: RHB Pedro Longoria 0-0: Called Strike
0-1: Swinging Strike
0-2: Ball
1-2: Ball
2-2: Ball
3-2: Foul Ball, location: 2F
3-2: Ground out 3-1 (Groundball, 34S)
Top of the 2nd over - 0 runs, 1 hit, 0 errors, 1 left on base; Rocky Mountain 1 - New Amsterdam 4
BOTTOM OF THE 2ND
New Amsterdam Dutchmen batting - Pitching for Rocky Mountain Nuggets : LHP Cisco Cazares
Batting: RHB Mario Rivera 0-0: Ball
1-0: Called Strike
1-1: Ball
2-1: Foul Ball, location: 2F
2-2: SOLO HOME RUN (Line Drive, 78XD), Distance : 428 ft
Batting: LHB Jorge Vargas 0-0: Ball
1-0: Called Strike
1-1: Ground out 4-3 (Groundball, 4S)
Batting: RHB John Burton 0-0: Called Strike
0-1: DOUBLE (Line Drive, 7LM)
Batting: LHB SaQwan Hackett 0-0: Ball
1-0: Ball
2-0: Foul Ball, location: 2F
2-1: Ball
3-1: Ground out 1-3 (Groundball, P)
John Burton to third
Batting: RHB Enrique Morales 0-0: DOUBLE (Flyball, 78D)
John Burton scores
Batting: RHB Jon Osterman 0-0: Ball
1-0: Called Strike
1-1: DOUBLE (Flyball, 89D)
Enrique Morales scores
Batting: RHB Hank Wilder 0-0: Fly out, F4 (Popup, 23)
Bottom of the 2nd over - 3 runs, 4 hits, 0 errors, 1 left on base; Rocky Mountain 1 - New Amsterdam 7
TOP OF THE 3RD
Rocky Mountain Nuggets batting - Pitching for New Amsterdam Dutchmen : LHP Walt Coffman
Batting: RHB Hieu De 0-0: Called Strike
0-1: Ball
1-1: Foul Ball, location: 2F
1-2: Ball
2-2: Foul Ball, location: 2F
2-2: Fly out, F8 (Flyball, 8LS)
Batting: RHB Luis Ríos 0-0: Swinging Strike
0-1: Ball
1-1: Foul Ball, location: 2F
1-2: Ground out 6-3 (Groundball, 6)
Batting: RHB Manuel Becerra 0-0: Swinging Strike
0-1: Ball
1-1: Foul Ball, location: 2F
1-2: Foul Ball, location: 2F
1-2: Foul Ball, location: 2F
1-2: Ball
2-2: Ball
3-2: Strikes out swinging
Top of the 3rd over - 0 runs, 0 hits, 0 errors, 0 left on base; Rocky Mountain 1 - New Amsterdam 7
BOTTOM OF THE 3RD
New Amsterdam Dutchmen batting - Pitching for Rocky Mountain Nuggets : LHP Cisco Cazares
Batting: RHB Vernon Caw 0-0: Ball
1-0: Swinging Strike
1-1: Called Strike
1-2: Ball
2-2: Ball
3-2: Strikes out swinging
Batting: LHB Félix López 0-0: Ball
1-0: Ground out 6-3 (Groundball, 6)
Batting: RHB Mario Rivera 0-0: Foul Ball, location: 2F
0-1: Ball
1-1: Swinging Strike
1-2: Foul Ball, location: 2F
1-2: Ball
2-2: Foul Ball, location: 2F
2-2: Strikes out swinging
Bottom of the 3rd over - 0 runs, 0 hits, 0 errors, 0 left on base; Rocky Mountain 1 - New Amsterdam 7
TOP OF THE 4TH
Rocky Mountain Nuggets batting - Pitching for New Amsterdam Dutchmen : LHP Walt Coffman
Batting: RHB Iván Vega 0-0: Called Strike
0-1: Foul Ball, location: 2F
0-2: Ball
1-2: Ball
2-2: Ground out 6-3 (Groundball, 6)
Batting: LHB Javier Sánchez 0-0: Ball
1-0: Ball
2-0: Foul Ball, location: 2F
2-1: Ball
3-1: Ground out 4-3 (Groundball, 4M)
Batting: RHB Paco Muńóz 0-0: Ball
1-0: Foul Ball, location: 2F
1-1: Ball
2-1: Called Strike
2-2: Ball
3-2: Ground out 1-3 (Groundball, P)
Top of the 4th over - 0 runs, 0 hits, 0 errors, 0 left on base; Rocky Mountain 1 - New Amsterdam 7
BOTTOM OF THE 4TH
New Amsterdam Dutchmen batting - Pitching for Rocky Mountain Nuggets : LHP Cisco Cazares
Batting: LHB Jorge Vargas 0-0: SINGLE (Groundball, 34S) (infield hit)
Batting: RHB John Burton 0-0: Ball
1-0: Ball
2-0: Swinging Strike
2-1: DOUBLE (Line Drive, 8LXD)
Jorge Vargas to third
Pitching: RHP Elton Mobley
Batting: LHB SaQwan Hackett 0-0: SINGLE (Groundball, 3D)
Jorge Vargas scores
John Burton to third
Batting: RHB Enrique Morales 0-0: Ball
1-0: Ball
2-0: Called Strike
2-1: DOUBLE (Line Drive, 89D)
John Burton scores
SaQwan Hackett to third
Batting: RHB Jon Osterman 0-0: Called Strike
0-1: Ball
1-1: Ball
2-1: Foul Ball, location: 2F
2-2: Ground out 5-3 (Groundball, 56)
SaQwan Hackett scores
Batting: RHB Hank Wilder 0-0: Ball
1-0: Swinging Strike
1-1: Ball
2-1: Called Strike
2-2: Foul Ball, location: 2F
2-2: Foul Ball, location: 2F
2-2: Foul Ball, location: 2F
2-2: Ball
3-2: Foul Ball, location: 2F
3-2: Base on Balls
Batting: RHB Vernon Caw 0-0: Called Strike
0-1: Swinging Strike
0-2: Foul Ball, location: 2F
0-2: Strikes out swinging
Batting: LHB Félix López 0-0: Called Strike
0-1: Ball
1-1: Ball
2-1: Called Strike
2-2: Ball
3-2: Ground out 4-3 (Groundball, 4)
Bottom of the 4th over - 3 runs, 4 hits, 0 errors, 2 left on base; Rocky Mountain 1 - New Amsterdam 10
TOP OF THE 5TH
Rocky Mountain Nuggets batting - Pitching for New Amsterdam Dutchmen : LHP Walt Coffman
Batting: LHB Roberto Sánchez 0-0: Ball
1-0: Swinging Strike
1-1: Foul Ball, location: 2F
1-2: Ball
2-2: Ground out 4-3 (Groundball, 4)
Batting: RHB Ludwig Kluge 0-0: DOUBLE (Line Drive, 89D)
Batting: RHB Pedro Longoria 0-0: Fly out, F7 (Line Drive, 7)
Batting: RHB Hieu De 0-0: Ground out 6-3 (Groundball, 6)
Top of the 5th over - 0 runs, 1 hit, 0 errors, 1 left on base; Rocky Mountain 1 - New Amsterdam 10
BOTTOM OF THE 5TH
New Amsterdam Dutchmen batting - Pitching for Rocky Mountain Nuggets : RHP Elton Mobley
Batting: RHB Mario Rivera 0-0: Ball
1-0: Reached on error, E5 (Groundball, 5)
Batting: LHB Jorge Vargas 0-0: Foul Ball, location: 2F
0-1: Grounds into double play, 4-6-3 (Groundball, 34)
Batting: RHB John Burton 0-0: Ground out 6-3 (Groundball, 6)
Bottom of the 5th over - 0 runs, 0 hits, 1 error, 0 left on base; Rocky Mountain 1 - New Amsterdam 10
TOP OF THE 6TH
Rocky Mountain Nuggets batting - Pitching for New Amsterdam Dutchmen : LHP Walt Coffman
Batting: RHB Luis Ríos 0-0: Called Strike
0-1: Ball
1-1: Ball
2-1: Foul Ball, location: 2F
2-2: Fly out, F4 (Line Drive, 4M)
Batting: RHB Manuel Becerra 0-0: Called Strike
0-1: Swinging Strike
0-2: Ball
1-2: Ball
2-2: Ball
3-2: Base on Balls
Batting: RHB Iván Vega 0-0: Called Strike
0-1: Foul Ball, location: 2F
0-2: Foul Ball, location: 2F
0-2: Foul Ball, location: 2F
0-2: Ball
1-2: Ball
2-2: Strikes out looking
Batting: LHB Javier Sánchez 0-0: Ball
1-0: Ground out 4-3 (Groundball, 34)
Top of the 6th over - 0 runs, 0 hits, 0 errors, 1 left on base; Rocky Mountain 1 - New Amsterdam 10
BOTTOM OF THE 6TH
New Amsterdam Dutchmen batting - Pitching for Rocky Mountain Nuggets : RHP Elton Mobley
Batting: LHB SaQwan Hackett 0-0: Foul Ball, location: 2F
0-1: Called Strike
0-2: Ball
1-2: Ball
2-2: Ball
3-2: Strikes out swinging
Batting: RHB Enrique Morales 0-0: Ball
1-0: Foul Ball, location: 2F
1-1: Foul Ball, location: 2F
1-2: Ground out 5-3 (Groundball, 5L)
Batting: RHB Jon Osterman 0-0: Ball
1-0: Ball
2-0: Fly out, F7 (Flyball, 7S)
Bottom of the 6th over - 0 runs, 0 hits, 0 errors, 0 left on base; Rocky Mountain 1 - New Amsterdam 10
TOP OF THE 7TH
Rocky Mountain Nuggets batting - Pitching for New Amsterdam Dutchmen : LHP Walt Coffman
Batting: RHB Paco Muńóz 0-0: Ball
1-0: Ball
2-0: Called Strike
2-1: Ground out 6-3 (Groundball, 6)
Batting: LHB Roberto Sánchez 0-0: Ball
1-0: Ball
2-0: Called Strike
2-1: Called Strike
2-2: Ball
3-2: Strikes out swinging
Batting: RHB Ludwig Kluge 0-0: Called Strike
0-1: Fly out, F7 (Flyball, 78S)
Top of the 7th over - 0 runs, 0 hits, 0 errors, 0 left on base; Rocky Mountain 1 - New Amsterdam 10
BOTTOM OF THE 7TH
New Amsterdam Dutchmen batting - Pitching for Rocky Mountain Nuggets : RHP Elton Mobley
Batting: RHB Hank Wilder 0-0: Ball
1-0: Called Strike
1-1: Foul Ball, location: 2F
1-2: Ball
2-2: Strikes out swinging
Batting: RHB Vernon Caw 0-0: Foul Ball, location: 2F
0-1: Ball
1-1: Foul Ball, location: 2F
1-2: Ground out 6-3 (Groundball, 6)
Batting: LHB Félix López 0-0: Called Strike
0-1: Ball
1-1: Foul Ball, location: 2F
1-2: Foul Ball, location: 2F
1-2: SINGLE (Groundball, 34D)
Batting: RHB Mario Rivera 0-0: Swinging Strike
0-1: Swinging Strike
0-2: Strikes out swinging
Bottom of the 7th over - 0 runs, 1 hit, 0 errors, 1 left on base; Rocky Mountain 1 - New Amsterdam 10
TOP OF THE 8TH
Rocky Mountain Nuggets batting - Pitching for New Amsterdam Dutchmen : LHP Walt Coffman
Batting: RHB Pedro Longoria 0-0: Ball
1-0: Swinging Strike
1-1: Swinging Strike
1-2: Strikes out swinging
Batting: RHB Hieu De 0-0: Foul Ball, location: 2F
0-1: Foul Ball, location: 2F
0-2: Foul Ball, location: 2F
0-2: Ball
1-2: SINGLE (Groundball, 56S) (infield hit)
Batting: RHB Luis Ríos 0-0: Fielders Choice at 2nd, 5-4 (Groundball, 56)
Batting: RHB Manuel Becerra 0-0: Called Strike
0-1: Ball
1-1: Ball
2-1: Ball
3-1: Called Strike
3-2: Foul Ball, location: 2F
3-2: Strikes out swinging
Top of the 8th over - 0 runs, 1 hit, 0 errors, 1 left on base; Rocky Mountain 1 - New Amsterdam 10
BOTTOM OF THE 8TH
New Amsterdam Dutchmen batting - Pitching for Rocky Mountain Nuggets : RHP Elton Mobley
Batting: LHB Jorge Vargas 0-0: Ball
1-0: Called Strike
1-1: SOLO HOME RUN (Flyball, 9LD), Distance : 440 ft
Pitching: LHP Rafael Rivera
Batting: RHB John Burton 0-0: Ball
1-0: Ball
2-0: Called Strike
2-1: Ball
3-1: Swinging Strike
3-2: Foul Ball, location: 2F
3-2: Strikes out swinging
Batting: LHB SaQwan Hackett 0-0: Called Strike
0-1: Called Strike
0-2: Ball
1-2: Strikes out looking
Batting: RHB Enrique Morales 0-0: Ball
1-0: Ground out 5-3 (Groundball, 5S)
Bottom of the 8th over - 1 run, 1 hit, 0 errors, 0 left on base; Rocky Mountain 1 - New Amsterdam 11
TOP OF THE 9TH
Rocky Mountain Nuggets batting - Pitching for New Amsterdam Dutchmen : LHP Walt Coffman
Now in RF: Cornelius Taitt
Batting: RHB Iván Vega 0-0: Called Strike
0-1: Called Strike
0-2: Ball
1-2: Ball
2-2: SOLO HOME RUN (Flyball, 7LD), Distance : 373 ft
Batting: LHB Javier Sánchez 0-0: Called Strike
0-1: Ball
1-1: SINGLE (Groundball, 4D)
Pitching: LHP Powell Beauregard
Batting: RHB Paco Muńóz 0-0: Ball
1-0: Ball
2-0: Foul Ball, location: 2F
2-1: Called Strike
2-2: Grounds into double play, 5-4-3 (Groundball, 56)
Batting: LHB Roberto Sánchez 0-0: Called Strike
0-1: Ball
1-1: Called Strike
1-2: Strikes out swinging
Top of the 9th over - 1 run, 2 hits, 0 errors, 0 left on base; Rocky Mountain 2 - New Amsterdam 11
Sunday, March 18th, 2018 - OOTP Baseball 18.8 Build 76